 Dungeon Crawl Stone Soup version 0.29-a0-825-g72347fce65 (webtiles) character file.

Game seed: 2110096044942680443

181 Lekart the Trooper (level 5, 0/46 HPs)
             Began as a Draconian Fighter on July 11, 2022.
             Slain by an orc
             ... wielding a +0 short sword
              (4 damage)
             ... on level 3 of the Dungeon.
             The game lasted 00:02:01 (2100 turns).

Lekart the Trooper (Draconian Fighter)              Turns: 2100, Time: 00:02:02

Health: 0/46       AC:  5    Str: 20    XL:     5   Next: 34%
Magic:  5/5        EV: 12    Int:  9    God:
Gold:   152        SH:  4    Dex: 10    Spells: 4/4 levels left

rFire   . . .      SeeInvis .   a - +0 war axe (freeze)
rCold   . . .      Faith    .   b - +0 buckler
rNeg    . . .      Spirit   .   (body armour unavailable)
rPois   .          Reflect  .   (helmet restricted)
rElec   .          Harm     .   (no cloak)
rCorr   .          Rampage  .   (no gloves)
Will    .....                   (no boots)
Stlth   +.........              (no amulet)
HPRegen 0.15/turn               (no ring)
MPRegen 0.09/turn               (no ring)

@: mighty
A: AC +5, unfitting armour, cold-blooded
a: no special abilities


You were on level 3 of the Dungeon.
You visited 1 branch of the dungeon, and saw 3 of its levels.

You collected 152 gold pieces.

Inventory:

Hand Weapons
 a - a +0 war axe of freezing (weapon)
Armour
 b - a +0 buckler (worn)
Jewellery
 e - a ring of magical power
 h - the ring "Wal Zext" {rF+ Str+6}
   (You found it on level 2 of the Dungeon)

   [ring of strength]

   Str:       It affects your strength (+6).
   rF:        It protects you from fire.
Potions
 d - 3 potions of curing
 f - 2 potions of brilliance
 g - a potion of lignification


   Skills:
 + Level 4.1 Fighting
 + Level 3.9 Axes
 + Level 3.6 Dodging
 + Level 3.5 Shields


You had 4 spell levels left.
You didn't know any spells.
Your spell library contained the following spells:

 Spells                   Type           Power      Damage    Failure   Level
 Beastly Appendage        Tmut           0%         N/A       47%         1
 Portal Projectile        Hex/Tloc       0%         N/A       85%         3
 Tukima's Dance           Hex            0%         N/A       85%         3
 Blade Hands              Tmut           0%         N/A       100%        5


Dungeon Overview and Level Annotations

Branches:
Dungeon (3/15)

Altars:
Sif Muna


Innate Abilities, Weirdness & Mutations

Your plain brown scales are hard. (AC +5)
You cannot fit into any form of body armour.
You are cold-blooded and may be slowed by cold attacks.


Message History

The orc priest invokes the aid of Beogh against you.
Beogh smites you!
You closely miss the orc.
The orc is severely wounded.
The orc hits you with a +0 short sword. The orc priest closely misses you.
The orc hits you but does no damage.
The orc wizard hits you with a +0 dagger.
The orc priest hits you from afar with a +0 trident.
You are too injured to fight recklessly!
You are too injured to fight recklessly!
You feel very mighty all of a sudden. The orc hits you with a +0 short sword.
* * * LOW HITPOINT WARNING * * *
The orc wizard hits you with a +0 dagger.
* * * LOW HITPOINT WARNING * * *
The orc priest hits you but does no damage.
The orc barely misses you. The orc priest closely misses you.
You slash the orc priest! You freeze the orc priest.
You kill the orc priest!
You hit the orc wizard. You freeze the orc wizard. You closely miss the orc.
The orc hits you with a +0 short sword.
* * * LOW HITPOINT WARNING * * *
The orc wizard hits you but does no damage.
Your Fighting skill increases to level 4!
You have reached level 5!
You slash the orc! You freeze the orc.
You kill the orc!
You slash the orc wizard! You freeze the orc wizard. You closely miss the orc.
The orc wizard hits you with a +0 dagger.
* * * LOW HITPOINT WARNING * * *
The orc completely misses you.
You hit the orc wizard. You freeze the orc wizard.
You kill the orc wizard!
You barely miss the orc. The orc hits you with a +0 short sword.
* * * LOW HITPOINT WARNING * * *
The orc closely misses you.
You barely miss the orc.
The orc is severely wounded.
The orc hits you with a +0 short sword.
You die...

...# ##...#
...# #...##
#... ..[#
##...# #....
...# #...##
#!.... ...#
##...# #......
...#
#..[####......#
...#
##...##......#
...#
#...#)o)...#
...#
##...)@...#
...# #....$..##
...# ##.....##
#### #....##
##..## +.## ###


You could see an orc.

Vanquished Creatures
  An orc priest (D:3)
  Natasha (D:3)
  An orc wizard (D:3)
  6 adders
  A worm (D:2)
  2 orcs (D:3)
  7 ball pythons
  5 bats
  An endoplasm (D:1)
  A giant cockroach (D:1)
  2 goblins
  6 hobgoblins
  3 jackals (D:1)
  A quokka (D:2)
  4 frilled lizards
  2 kobolds
  4 rats
48 creatures vanquished.

Vanquished Creatures (others)
  3 fungi (D:2)
3 creatures vanquished.

Grand Total: 51 creatures vanquished

Notes
Turn   | Place    | Note
-------+----------+-------------------------------------------
     0 | D:1      | Lekart the Draconian Fighter began the quest for the Orb.
     0 | D:1      | Reached XP level 1. HP: 19/19 MP: 1/1
    52 | D:1      | Reached XP level 2. HP: 25/26 MP: 2/2
   945 | D:2      | Found a shimmering blue altar of Sif Muna.
   947 | D:2      | Reached XP level 3. HP: 33/33 MP: 3/3
  1385 | D:2      | Found a faded altar of an unknown god.
  1393 | D:2      | Got Plato's Parchment of Transmogrification
  1539 | D:2      | Reached XP level 4. HP: 39/40 MP: 4/4
  1699 | D:2      | Identified the ring "Wal Zext" {rF+ Str+6}
  2007 | D:3      | Noticed Natasha
  2017 | D:3      | Killed Natasha
  2098 | D:3      | Reached skill level 4 in Fighting
  2098 | D:3      | Reached XP level 5. HP: 8/46 MP: 5/5
  2100 | D:3      | Slain by an orc

Illustrated notes

Levels and vault maps discovered:
D:1:      lemuel_arrival_broad_hall, layout_basic, minivault_24
D:2:      layout_loops_ring, basic_altar, shapermc_ecumenical_altar_rom_forum
D:3:      minmay_razor_zed, layout_basic, cheibrodos_sewer_entry_bend,
          uniq_natasha, uniq_sigmund, uniq_crazy_yiuf_cottage

Skill      XL: |  1  2  3  4 |
---------------+-------------+-----
Dodging        | 3 |  3.6
Axes           | 3 |  3.9
Fighting       | 4 |  4.1
Shields        | |  3.5

Action                   |  1- 3 |  4- 6 || total
-------------------------+-------+-------++-------
Melee: War axe           |    97 |    29 ||   126
       Tailslap          |     9 |     4 ||    13
  Use: Potion            |     3 |     3 ||     6
       Scroll            |     3 |       ||     3
 Stab: Sleeping          |     2 |       ||     2
Armor: Skin              |    42 |     5 ||    47
Dodge: Dodged            |    75 |    22 ||    97
Block: Buckler           |    29 |     6 ||    35

Table legend: (Time is in decaauts)
 A = Elapsed time spent in this place.
 B = Non-inter-level travel time spent in this place.
 C = Inter-level travel time spent in this place.
 D = Time resting spent in this place.
 E = Time spent auto-exploring this place.
 F = Levels seen in this place.
 G = Mean time per level.
                   A        B        C        D        E       F      G
               +--------+--------+--------+--------+--------+-----+--------+
         Total |   2148 |   2110 |     38 |     38 |   1750 |   3 |  716.0 |
       Dungeon |   2148 |   2110 |     38 |     38 |   1750 |   3 |  716.0 |
               +--------+--------+--------+--------+--------+-----+--------+

Top non-repeatable levels by time:
     D:2: 1184 daAuts
     D:1: 771 daAuts
     D:3: 192 daAuts
